 Dungeon Crawl Stone Soup version 0.28.0-53-g5a82cb258f (webtiles) character file.

Game seed: 3289534892924899239

7017 zekoff the Slicer (level 10, -2/86 HPs)
             Began as a Pale Draconian Berserker on July 16, 2022.
             Was an Elder of Trog.
             Slain by a death yak (19 damage)
             ... on level 11 of the Dungeon on July 18, 2022.
             The game lasted 01:47:55 (11842 turns).

zekoff the Slicer (Pale Draconian Berserker)       Turns: 11842, Time: 01:47:56

Health: -2/86      AC: 15    Str: 30    XL:     10   Next: 82%
Magic:  10/10      EV: 15    Int:  8    God:    Trog [****..]
Gold:   593        SH:  5    Dex: 11    Spells: 9/9 levels left

rFire   . . .      SeeInvis .   b - +3 dagger
rCold   . . .      Faith    .   (no shield)
rNeg    . . .      Spirit   .   (armour unavailable)
rPois   +          Reflect  +   (helmet restricted)
rElec   .          Harm     .   (no cloak)
rCorr   .          Rampage  .   X - +1 pair of gloves
Will    +....                   G - +5 pair of boots of the Lost Saving Wishes {Fly Str+7 Stlth-}
Stlth   +.........              h - amulet of reflection
HPRegen 0.24/turn               c - ring of poison resistance
MPRegen 0.12/turn               s - ring of willpower

@: on berserk cooldown, flying, slowed, very slow
A: breathe steam, AC +7, unfitting armour, cold-blooded, steam resistance
a: Breathe Steam, Renounce Religion, Berserk, Trog's Hand, Brothers in Arms


You were on level 11 of the Dungeon.
You worshipped Trog.
Trog was greatly pleased with you.
You visited 2 branches of the dungeon, and saw 12 of its levels.
You also visited: Ice Cave.

You collected 710 gold pieces.
You spent 117 gold pieces at shops.

Inventory:

Hand Weapons
 a - a +0 falchion
 b - a +3 dagger (weapon)
 o - a +0 spear
 w - a +1 whip of flaming
 y - a +0 halberd
 z - a +3 dagger
 D - a +0 dagger of freezing
 E - a +2 dagger of venom
 P - a +0 spear of venom
 R - a +2 hunting sling of flaming
 U - a +5 dagger of venom
 V - a +2 short sword of protection
Missiles
 i - 9 boomerangs
 B - 2 throwing nets
 S - 58 sling bullets
 W - a silver boomerang
Armour
 G - the +5 pair of boots of the Lost Saving Wishes (worn) {Fly Str+7 Stlth-}
   (You found it on level 5 of the Dungeon)

   Str:       It affects your strength (+7).
   Fly:       It grants you flight.
   Stlth:     It makes you less stealthy.
 O - a +0 pair of gloves
 X - a +1 pair of gloves (worn)
Jewellery
 c - a ring of poison resistance (left hand)
 h - an amulet of reflection (around neck)
 p - a ring of ice
 s - a ring of willpower (right hand)
 H - a +4 ring of evasion
Wands
 g - a wand of flame (9) (quivered)
 A - a wand of iceblast (9)
Scrolls
 d - 2 scrolls of acquirement {unknown}
 e - 2 scrolls of noise
 f - a scroll of blinking {unknown}
 j - 2 scrolls of vulnerability
 m - 2 scrolls of identify
 q - a scroll of brand weapon {unknown}
 r - 2 scrolls of teleportation {unknown}
 u - 2 scrolls of enchant weapon
 v - 3 scrolls of fog
 F - a scroll of silence {unknown}
 I - a scroll of amnesia {unknown}
 J - 2 scrolls of magic mapping
 N - a scroll of enchant armour {unknown}
 Q - 2 scrolls of fear {unknown}
 T - a scroll of immolation {unknown}
Potions
 k - 2 potions of heal wounds
 l - 3 potions of curing
 n - a potion of cancellation {unknown}
 t - 3 potions of berserk rage {unknown}
 x - 2 potions of degeneration
 C - a potion of might {unknown}
 K - 2 potions of haste {unknown}
 L - a potion of ambrosia {unknown}
 M - 3 potions of attraction


   Skills:
 + Level 7.6 Fighting
 + Level 8.9(9.3) Short Blades
 + Level 4.2(7.0) Long Blades
 + Level 1.9 Maces & Flails
 + Level 2.1 Throwing
 + Level 8.5 Dodging
 + Level 3.9 Stealth
 + Level 5.5 Shields
 + Level 3.8 Evocations


You had 9 spell levels left.
You didn't know any spells.
Your spell library contained the following spells:

 Spells                   Type           Power      Damage    Failure   Level
 Magic Dart               Conj           0%         1d3       41%         1
 Call Imp                 Summ           0%         N/A       54%         2
 Mephitic Cloud           Conj/Pois/Air  0%         N/A       78%         3


Dungeon Overview and Level Annotations

Branches:
Dungeon (11/15)            Temple (1/1) D:7            Lair (0/6) D:10
  IceCv (visited)
    Orc: D:9-12

Altars:
Ashenzari
Cheibriados
Dithmenos
Elyvilon
Fedhas
Gozag
Hepliaklqana
Kikubaaqudgha
Makhleb
Nemelex Xobeh
Okawaru
Qazlal
Ru
Sif Muna
Trog
Uskayaw
Vehumet
Wu Jian
Xom
Yredelemnul
Zin
The Shining One

Shops:
D:8 [

Annotations:
D:9 Harold


Innate Abilities, Weirdness & Mutations

You can breathe blasts of scalding, opaque steam.
Your pale cyan-grey scales are hard. (AC +7)
You cannot fit into any form of body armour.
You are cold-blooded and may be slowed by cold attacks.
You are immune to the effects of steam.


Message History

You block the ice devil's attack.
You feel much better.
You hit the death yak but do no damage.
You tail-slap the death yak, but do no damage.
Aiming: Throw Flame
Press: ? - help, Q - select action, (/) - cycle Shift-Dir - straight line, f - death yak
Aim: a death yak (90% to hit)
Okay, then.
Aiming: Breathe Steam (1% risk of failure)
Press: ? - help, Shift-Dir - straight line, f - ice devil
Aim: an ice devil (74% to hit)
You exhale a blast of scalding steam.
The ball of steam misses the death yak.
The ball of steam hits the ice devil.
The ice devil is lightly wounded.
The death yak gores you!!
The ice devil is engulfed in a cloud of scalding steam.
The death yak is engulfed in a cloud of scalding steam.
The death yak gores you!
You hit the death yak but do no damage.
You tail-slap the death yak, but do no damage.
The death yak is lightly wounded.
The ice devil is engulfed in a cloud of scalding steam.
The death yak is engulfed in a cloud of scalding steam.
The death yak gores you but does no damage.
You hit the death yak but do no damage.
Your tail-slap misses the death yak.
The death yak is lightly wounded.
You hit the death yak but do no damage.
You tail-slap the death yak, but do no damage.
The death yak is lightly wounded.
The death yak is engulfed in a cloud of scalding steam.
The death yak gores you!
* * * LOW HITPOINT WARNING * * *
The ice devil is engulfed in a cloud of scalding steam.
The ice devil is engulfed in a cloud of scalding steam.
The death yak closely misses you.
You have got your breath back.
The ice devil is engulfed in a cloud of scalding steam.
There is an open door here.
The death yak gores you!!
You die...

#..### #...#
.#####....+ +..<#
(........# ###.#
#.......# #.#
#.......# ###[####
#.......#####.......
#...................
#....###########....
#..@.# #.... ##Y#+#
#.... #4..# #....
##.## #.... ###4###
#.... #.....# ..<..
#.....# .....[
#.....# .......
#.....# ........


You could see a death yak and an ice devil.

Vanquished Creatures
  2 hydras (D:9)
  Nergalle (D:11)
  Joseph (D:9)
  A rime drake (IceCv)
  A polar bear (IceCv)
  2 meliai zombies (D:10)
  Sigmund (D:4)
  A yak (IceCv)
  A vampire (D:9)
  A wyvern (D:9)
  A steam dragon (D:9)
  6 orc warriors
  2 sky beasts
  2 ice beasts
  2 wolves (IceCv)
  3 centaurs (D:8)
  3 phantoms
  A kobold brigand (D:9)
  2 bullfrogs
  2 scorpions
  8 killer bees
  4 howler monkeys
  4 electric eels (D:10)
  3 hounds
  A centaur zombie (D:9)
  A bullfrog zombie (D:6)
  2 orc priests
  2 jellies
  Jessica (D:2)
  3 iguanas
  10 orc wizards
  A hound skeleton (D:4)
  10 gnolls
  5 adders
  A white imp (D:6)
  An ufetubus (D:7)
  A worm (D:2)
  2 dart slugs
  25 orcs
  9 ball pythons
  9 bats
  4 endoplasms
  6 giant cockroaches
  18 goblins
  12 hobgoblins
  2 quokkas
  4 frilled lizards
  20 kobolds
  3 rats (D:1)
208 creatures vanquished.

Vanquished Creatures (others)
  A kobold (D:4)
  A plant (D:4)
  5 toadstools (D:3)
7 creatures vanquished.

Grand Total: 215 creatures vanquished

Notes
Turn   | Place    | Note
-------+----------+-------------------------------------------
     0 | D:1      | zekoff the Draconian Berserker began the quest for the Orb.
     0 | D:1      | Reached XP level 1. HP: 19/19 MP: 1/1
   371 | D:1      | Reached XP level 2. HP: 26/26 MP: 2/2
   545 | D:1      | Found a faded altar of an unknown god.
   923 | D:2      | Reached XP level 3. HP: 33/33 MP: 3/3
  1241 | D:2      | Noticed Jessica
  1252 | D:2      | Killed Jessica
  1253 | D:2      | Reached XP level 4. HP: 40/40 MP: 4/4
  1500 | D:2      | Reached ** piety under Trog
  2288 | D:3      | Noticed a scorpion
  2664 | D:3      | Noticed a phantom
  2747 | D:4      | Reached skill level 1 in Throwing
  2747 | D:4      | Reached XP level 5. HP: 27/46 MP: 5/5
  2939 | D:4      | Reached skill level 1 in Short Blades
  2939 | D:4      | Reached skill level 1 in Shields
  3189 | D:4      | Reached skill level 1 in Stealth
  3201 | D:4      | Reached *** piety under Trog
  3585 | D:4      | Reached XP level 6. HP: 52/52 MP: 6/6
  3648 | D:4      | Noticed Sigmund
  4017 | D:5      | Entered Level 5 of the Dungeon
  4160 | D:5      | Identified the +5 pair of boots of the Lost Saving Wishes
                  | {Fly Str+7 Stlth-}
  4341 | D:5      | Your scales start taking on a pale cyan-grey colour.
  4341 | D:5      | Reached XP level 7. HP: 60/60 MP: 7/7
  4341 | D:5      | Gained mutation: You are immune to the effects of steam.
                  | [Pale Draconian growth]
  4805 | D:6      | Reached skill level 5 in Fighting
  4930 | D:6      | Reached XP level 8. HP: 28/68 MP: 8/8
  5507 | D:6      | Reached skill level 5 in Short Blades
  5840 | D:7      | Reached skill level 1 in Evocations
  6221 | D:7      | Reached skill level 5 in Dodging
  6258 | D:7      | Reached **** piety under Trog
  6292 | D:7      | Found a staircase to the Ecumenical Temple.
  6440 | Temple   | Entered the Ecumenical Temple
  7722 | D:8      | Reached skill level 1 in Maces & Flails
  8207 | D:8      | Reached XP level 9. HP: 75/75 MP: 9/9
  8542 | D:8      | Found Wuymaoti's Antique Armour Shop.
  8549 | D:8      | Bought a pair of gloves for 117 gold pieces
  8732 | D:8      | Found a snail-covered altar of Cheibriados.
  8925 | D:4      | Killed Sigmund
  9148 | D:9      | Noticed a five-headed hydra
  9159 | D:9      | Killed a five-headed hydra
  9283 | D:9      | Noticed an eight-headed hydra
  9289 | D:9      | Killed an eight-headed hydra
  9290 | D:9      | Reached XP level 10. HP: 59/84 MP: 10/10
  9614 | D:9      | Noticed Joseph
  9632 | D:9      | Killed Joseph
  9840 | D:9      | Noticed Harold
  9855 | D:10     | Entered Level 10 of the Dungeon
 10121 | D:10     | Found a staircase to the Lair.
 10829 | D:10     | Reached skill level 5 in Shields
 11690 | D:11     | Noticed Nergalle
 11718 | D:11     | Killed Nergalle
 11749 | D:11     | Found a frozen archway.
 11783 | IceCv    | Entered an ice cave
 11814 | IceCv    | Noticed a death yak
 11842 | D:11     | Slain by a death yak

Illustrated notes

Levels and vault maps discovered:
D:1:      minmay_arrival_arboretum_small, layout_basic,
          chequers_ecumenical_altar_island
D:2:      minmay_skewed_foursquare, layout_loops_corners, minmay_bisected,
          uniq_jessica
D:3:      layout_loops_cross, kennysheep_cross_room, minmay_gold_behind_fungi
D:4:      corexii_shantytown, layout_basic, grunt_ministairs_13,
          lemuel_another_geyser, uniq_sigmund
D:5:      layout_rooms, gammafunk_ghost_smash, kennysheep_potato, uniq_menkaure
D:6:      layout_gridville, nicolae_concentric_dashed_squares_wild
D:7:      minmay_klotski, layout_layer_cave, minmay_temple_entry_waves
D:8:      layout_rooms, mainiacjoe_overflow_alcove_2, serial_shops,
          nicolae_shop_statue_plus
D:9:      hellmonk_crumbling_castle, layout_loops_ring, ebering_ghost_xom,
          uniq_harold, uniq_joseph
D:10:     layout_basic, lair_entry_dummy
D:11:     layout_irregular_city, portal_ice_cave_demonic_guard, uniq_nergalle
Temple:   mainiacjoe_temple_starburst

Skill      XL: |  1  2  3  4  5  6  7  8  9 10 |
---------------+-------------------------------+-----
Dodging        | 3 4 5 7 8 |  8.5
Fighting       | 4 5 6 7 |  7.6
Long Blades    | 4 |  4.2
Throwing       | 1 2 |  2.1
Short Blades   | 2 3 4 6 7 8 |  8.9
Shields        | 1 2 3 4 5 |  5.5
Stealth        | 1 2 3 |  3.9
Evocations     | 2 3 |  3.8
Maces & Flails | 1 |  1.9

Action                   |  1- 3 |  4- 6 |  7- 9 | 10-12 || total
-------------------------+-------+-------+-------+-------++-------
Melee: Falchion          |    81 |       |       |       ||    81
       Tailslap          |     6 |    35 |    31 |    37 ||   109
       Dagger            |       |   243 |   271 |   231 ||   745
       Punch             |       |     2 |     5 |     2 ||     9
       Whip              |       |       |    13 |       ||    13
Throw: Boomerang         |    12 |    22 |     4 |       ||    38
Invok: Berserk           |     4 |     6 |    10 |     6 ||    26
       Trog's Hand       |       |       |       |     4 ||     4
 Abil: Breathe Steam     |       |       |     5 |     2 ||     7
Evoke: Wand              |       |       |    19 |     8 ||    27
  Use: Scroll            |     1 |     1 |     2 |     4 ||     8
       Potion            |       |       |     1 |     3 ||     4
 Stab: Sleeping          |     1 |     2 |       |       ||     3
Armor: Skin              |    25 |    42 |   109 |    48 ||   224
Dodge: Dodged            |    45 |   105 |   129 |   126 ||   405
Block: Other             |     8 |    46 |    46 |    52 ||   152
       Reflection        |       |     7 |     5 |     2 ||    14
